 Dungeon Sprint DCSS version 0.14-a0-2542-g51e44bb (webtiles) character file.

11 Bloax the Covered (level 2, -19/21 HPs)
             Began as a Formicid Fighter on Feb 10, 2014.
             Was an Initiate of Cheibriados.
             Demolished by a vault warden
             ... wielding a +1,+4 great mace of protection
              (31 damage)
             ... in the Dungeon (Sprint V: "Ziggurat Sprint").
             The game lasted 00:01:10 (93 turns).

Bloax the Covered (Formicid Fighter)                  Turns: 93, Time: 00:01:10

HP -19/21        AC 20     Str 33      XL: 2   Next: 52%
MP   2/2         EV  1     Int  8      God: Cheibriados [......]
Gold 0           SH 50     Dex 16      Spells:  0 memorised,  1 level left

rFire  + . .     SeeInvis +     D - +4,+8 shillelagh "Devastator"
rCold  + . .     Clarity  .     g - +5 gold dragon armour
rNeg   + . .     Conserve .     C - +27 shield of the gong {rElec rN+ MR+ EV-5}
rPois  .         rCorr    .     (helmet unavailable)
rElec  +         rRot     .     (no cloak)
SustAb . .       Spirit   .     (no gloves)
rMut   .         Warding  .     (no boots)
Saprov . . .     Stasis   +     (no amulet)
MR     +....                    w - +6 ring of strength
                                v - +6 ring of strength

@: invisible, agile, very slightly contaminated, very slow, somewhat resistant
to hostile enchantments, extremely unstealthy
A: permanent stasis, dig shafts and tunnels, four strong arms, poison weakness,
antennae 3, exoskeleton 1
a: Dig, Bend Time, Renounce Religion


You were in the Dungeon.
You worshipped Cheibriados.
Cheibriados was noncommittal.
You were not hungry.

You visited 1 branch


Innate Abilities, Weirdness & Mutations

Your are under a permanent stasis effect.
You can dig through walls and to a lower floor.
Your four strong arms can wield any weapon, most with a shield.
You are susceptible to poison.
You have a pair of large antennae on your head (SInv).
Your body is surrounded by an exoskeleton. (AC +1)


   Skills:
 - Level 3.0 Fighting
 + Level 3.1 Maces & Flails
 + Level 4.7 Armour
 + Level 3.9 Shields


You had one spell level left.
You didn't know any spells.

Dungeon Overview and Level Annotations

Branches:
Dungeon (1/1)

Altars:
Ashenzari
Cheibriados
Dithmengos
Elyvilon
Fedhas
Kikubaaqudgha
Makhleb
Nemelex Xobeh
Okawaru
Sif Muna
Trog
Vehumet
Xom
Yredelemnul
Zin
The Shining One
Beogh
Jiyva
Lugonu

Inventory:

Hand weapons
 B - the +6,+6 dark maul {crush}
   (You found it in the Dungeon)

   It inflicts extra damage upon your enemies.
 D - the +4,+8 shillelagh "Devastator" (weapon)
   (You found it in the Dungeon)
Armour
 g - a +5 gold dragon armour (worn)
   (You found it in the Dungeon)
 C - the +27 shield of the gong (worn) {rElec rN+ MR+ EV-5}
   (You found it in the Dungeon)

   It affects your evasion (-5).
   It insulates you from electricity.
   It protects you from negative energy.
   It affects your resistance to hostile enchantments.
Magical devices
 x - a wand of disintegration (7)
   (You found it in the Dungeon)
 y - a wand of fire (5)
   (You found it in the Dungeon)
 z - a wand of cold (5)
   (You found it in the Dungeon)
 A - a wand of draining (5)
   (You found it in the Dungeon)
Comestibles
 a - 42 strawberries
 b - 4 meat rations
 d - 5 bread rations
Scrolls
 c - 4 scrolls of amnesia
 i - 3 scrolls of recharging
 j - 7 scrolls of fog
 k - 5 scrolls of identify
 l - 5 scrolls of remove curse
 t - 2 scrolls of fear
 u - a scroll of holy word
Jewellery
 v - a +6 ring of strength (left hand)
   (You found it in the Dungeon)
 w - a +6 ring of strength (right hand)
   (You found it in the Dungeon)
Potions
 e - 10 potions of curing
 f - 10 potions of heal wounds
 h - 7 potions of magic
 m - 2 potions of brilliance
 n - a potion of invisibility
 o - 2 potions of restore abilities
 p - 4 potions of resistance
 q - a potion of experience
 r - 4 potions of agility
 s - 5 potions of might
Miscellaneous
 E - a disc of storms
   (You found it in the Dungeon)

#############
#.8^8.#.8^8.#
#.[)).#.....#
#.....#.|.).#
#.¤...#.....#
#.....#.....#
#W@¤..#.....#
#.@B..#######
####### {{
{{{ { {


You could see a vault warden, a boulder beetle and a wraith.


Message History

Unknown command.
Found a shimmering altar of Xom.
Your surroundings seem different!
Welcome to arena 1.
A lemure and a skeleton come into view.
The lemure gives a chilling moan.
Found two items.
You swing at nothing.
You block the lemure's attack.
PANG!
You block the lemure's attack.
PTOANNNG!
You block the lemure's attack.
BOUMMMMG!
The hobgoblin skeleton hits you but does no damage.
Unknown command.
Unknown command.
The lemure and the hobgoblin skeleton shudder.
The lemure is severely wounded.
You destroy the hobgoblin skeleton!
Cheibriados appreciates the change of pace.
You hit the lemure.
The lemure is almost dead.
You block the lemure's attack.
GONNNNG!
You block the lemure's attack.
BOUMMMMG!
The lemure hits you but does no damage. The lemure completely misses you.
Unknown command.
Unknown command.
Unknown command.
The lemure shudders.
You kill the lemure!
Cheibriados appreciates the change of pace.
Your Maces & Flails skill increases to level 3!
Your Armour skill increases to level 4!
You have reached level 2!
Unknown command.
Unknown command.
Your surroundings seem different!
Welcome to arena 2.
A boulder beetle, a wraith and a vault warden come into view.
The vault warden shouts!
Found three items.
Unknown command.
Unknown command.
Drink which item? (? for menu, Esc to quit)
You fade into invisibility!
The boulder beetle curls into a ball and starts rolling!
You are very lightly contaminated with residual magic.
Unknown command.
Unknown command.
Unknown command.
Drink which item? (? for menu, Esc to quit)
You feel agile all of a sudden.
The vault warden hits you with a glowing great mace!
Unknown command.
Unknown command.
Your shield and gold dragon armour prevent you from hitting the vault warden.
The boulder beetle hits an unnaturally hard rock wall.
The boulder beetle stops rolling.
You block the boulder beetle's attack.
GONNNNG!
The wraith hits you but does no damage.
Unknown command.
Unknown command.
Unknown command.
The vault warden and the boulder beetle shudder.
You hit the vault warden.
The vault warden is lightly wounded.
The vault warden hits you with a glowing great mace!
Ouch! That really hurt!
You die...

Action                   || total
-------------------------++-------
Melee: Shillelagh        ||     4
  Use: Potion            ||     2

Vault maps used:
D:        sprint_v

Notes
Turn   | Place    | Note
--------------------------------------------------------------
     0 | D        | Bloax, the Formicid Fighter, began the quest for the Orb.
     0 | D        | Reached XP level 1. HP: 16/16 MP: 1/1
     0 | D        | Found an ancient bone altar of Kikubaaqudgha.
     1 | D        | Found a basalt altar of Yredelemnul.
     1 | D        | Found an iron altar of Okawaru.
    35 | D        | Became a worshipper of Cheibriados the Contemplative
    38 | D        | Found a radiant altar of Vehumet.
    39 | D        | Found a burning altar of Makhleb.
    40 | D        | Found a white marble altar of Elyvilon.
    40 | D        | Found a sparkling altar of Nemelex Xobeh.
    40 | D        | Found a deep blue altar of Sif Muna.
    49 | D        | Found a bloodstained altar of Trog.
    79 | D        | Found a shimmering altar of Xom.
    80 | D        | Entered arena 1.
    83 | D        | Reached skill level 3 in Maces & Flails
    83 | D        | Reached skill level 4 in Armour
    83 | D        | Reached XP level 2. HP: 21/21 MP: 2/2
    88 | D        | Entered arena 2.
    88 | D        | Noticed a boulder beetle
    88 | D        | Noticed a wraith
    88 | D        | Noticed a vault warden
    93 | D        | Demolished by a vault warden

Vanquished Creatures
  A lemure (D)
  A hobgoblin skeleton (D)
2 creatures vanquished.
